 Dungeon Crawl Stone Soup version 0.26-a0-540-g8a0c9464d7 (webtiles) character file.

Game seed: 8908899391382357365

296 vurker the Sneak (level 6, -12/51 HPs)
             Began as a Formicid Delver on Aug 24, 2020.
             Mangled by an orc warrior
             ... wielding a +0 mace
              (15 damage)
             ... on level 7 of the Dungeon.
             The game lasted 00:04:16 (3426 turns).

vurker the Sneak (Formicid Delver)                  Turns: 3426, Time: 00:04:17

Health: -12/51     AC:  8    Str: 18    XL:     6   Next: 61%
Magic:  6/6        EV:  7    Int: 10    God:
Gold:   147        SH:  0    Dex: 12    Spells: 5/5 levels left

rFire    . . .     SeeInvis +   p - +1 hand axe (elec)
rCold    . . .     Faith    .   (no shield)
rNeg     . . .     Spirit   .   g - +0 chain mail
rPois    .         Reflect  .   (helmet unavailable)
rElec    .         Harm     .   (no cloak)
rCorr    .                      (no gloves)
MR       .....                  (no boots)
Stlth    ..........             (no amulet)
HPRegen  0.17/turn              (no ring)
MPRegen  0.10/turn              (no ring)

@: no status effects
A: permanent stasis, dig shafts and tunnels, four strong arms, antennae 3
a: Dig, Shaft Self


You were on level 7 of the Dungeon.
You visited 1 branch of the dungeon, and saw 6 of its levels.

You collected 147 gold pieces.

Inventory:

Hand Weapons
 p - a +1 hand axe of electrocution (weapon)
   (You took it off an orc on level 3 of the Dungeon)
Armour
 g - a +0 chain mail (worn)
   (You found it on level 5 of the Dungeon)
Wands
 v - a wand of digging (3)
Scrolls
 a - a scroll of immolation {unknown}
 b - 3 scrolls of remove curse
 c - a scroll of fog
 d - a scroll of magic mapping
 e - 2 scrolls of fear
 f - 5 scrolls of identify {unknown}
 i - a scroll of enchant weapon {unknown}
 k - 2 scrolls of enchant armour {unknown}
 l - 3 scrolls of teleportation {unknown}
 n - 2 scrolls of amnesia {unknown}
Potions
 h - 3 potions of mutation {unknown}
 j - a potion of brilliance {unknown}
 m - a potion of magic {unknown}
 o - a potion of curing {unknown}


   Skills:
 + Level 5.0 Fighting
 * Level 5.4 Axes
 - Level 1.7 Dodging
 - Level 6.0 Stealth


You had 5 spell levels left.
You didn't know any spells.
Your spell library contained the following spells:

 Spells                   Type           Power        Failure   Level
 Freeze                   Ice            #...         99%         1
 Frozen Ramparts          Ice            #.....       100%        3
 Ozocubu's Armour         Ice            #.......     100%        3
 Hailstorm                Conj/Ice       #.......     100%        4
 Summon Ice Beast         Ice/Summ       #.......     100%        4


Dungeon Overview and Level Annotations

Branches:
Dungeon (5/15)
 Temple: D:4-7

Altars:
Xom
Yredelemnul


Innate Abilities, Weirdness & Mutations

You cannot be hasted, slowed, berserked, paralysed or teleported.
You can dig through walls and to a lower floor.
Your four strong arms can wield two-handed weapons with a shield.
You have a pair of large antennae on your head. (SInv)


Message History

You kill the scorpion!
Your Fighting skill increases to level 5!
You feel sick.
a - a scroll labeled GAPNOQUGIB You feel sick.
You feel sick.
You feel sick.
You feel sick.
You feel sick.
You feel sick.
You are no longer poisoned.
You open the door.
There is an open door here.
An orc comes into view. It is wielding a +0 trident.
The orc shouts!
You hear a shout!
An orc comes into view. It is wielding a +0 club.
An orc warrior comes into view. It is wielding a +0 mace.
An orc comes into view.
It is wielding a +0 short sword of venom.
The orc barely misses you.
Found a robe.
The orc shouts!
The orc hits you from afar with a +0 trident.
An orc wizard comes into view. It is wielding a +0 dagger.
The orc wizard shouts!
You extend your mandibles.
You dig through the rock wall.
You dig through the rock wall.
You dig through the rock wall.
You dig through the rock wall.
You retract your mandibles.
You hit the orc. The orc hits you but does no damage.
You barely miss the orc. You barely miss the orc warrior.
You hit the orc warrior.
The orc warrior hits you with a +0 mace!
You hit the orc warrior.
The orc warrior hits you with a +0 mace!
* * * LOW HITPOINT WARNING * * *
Okay, then.
You hit the orc warrior but do no damage.
The orc warrior hits you with a +0 mace!
* * * LOW HITPOINT WARNING * * *
Unknown command.
You hit the orc warrior but do no damage.
You hit the orc warrior but do no damage.
The orc warrior closely misses you.
You hit the orc warrior but do no damage.
Lightning courses through the orc warrior!
The orc warrior hits you with a +0 mace!
You die...

....{o..............#
.....{..............#
{...................#
#######....####.....#
##.o..'..#.....#
##{{...#..#.....#
##o#{...#..#.....#
#o##....#..# ....#
##@#....#### ########


You could see an orc warrior.

Vanquished Creatures
  A phantom (D:4)
  A scorpion (D:7)
  An orc priest (D:3)
  An orc wizard (D:3)
  An adder (D:2)
  A worm (D:3)
  2 dart slugs
  A leopard gecko (D:1)
  22 orcs
  A giant cockroach (D:1)
  5 goblins
  2 hobgoblins
  7 jackals
  4 kobolds
  A quokka (D:3)
  2 ball pythons
  11 bats
  A frilled lizard (D:3)
  5 rats
70 creatures vanquished.

Notes
Turn   | Place    | Note
-------+----------+-------------------------------------------
     0 | D:5      | vurker the Formicid Delver began the quest for the Orb.
     0 | D:5      | Reached XP level 1. HP: 18/18 MP: 1/1
   156 | D:1      | Reached XP level 2. HP: 20/24 MP: 2/2
   597 | D:1      | Reached XP level 3. HP: 29/29 MP: 3/3
  1479 | D:2      | Found a shimmering altar of Xom.
  1624 | D:2      | Reached XP level 4. HP: 31/37 MP: 4/4
  1987 | D:3      | Found a basalt altar of Yredelemnul.
  2203 | D:3      | Reached XP level 5. HP: 31/42 MP: 5/5
  3034 | D:4      | Noticed a phantom
  3058 | D:4      | Killed a phantom
  3058 | D:4      | Reached skill level 5 in Axes
  3058 | D:4      | Reached XP level 6. HP: 38/50 MP: 6/6
  3112 | D:4      | Noticed an ogre
  3115 | D:4      | You fall into a shaft and drop 3 floors!
  3293 | D:7      | Reached skill level 5 in Fighting
  3407 | D:7      | Noticed an orc warrior
  3423 | D:7      | HP: 2/51 [orc warrior/+0 mace (16)]
  3426 | D:7      | Mangled by an orc warrior

Illustrated notes

Levels and vault maps discovered:
D:1:      sevenhm_arrival_forest_fort_large_2, layout_basic
D:2:      layout_loops_corners, corexii_leaking_fountain, tgw_xom
D:3:      layout_basic, lemuel_round_altar
D:4:      layout_loops_ring, gammafunk_ghost_cemetery, fedhas_altar_fruit_tree,
          uniq_duvessa
D:5:      layout_rooms, serial_shops, shop, minmay_misc_feat_secret_circle,
          ebering_dispersal_statue_hall
D:7:      layout_gridville, minmay_temple_entry_butterflies,
          corexii_corridor_pit, uniq_maggie

Skill      XL: |  1  2  3  4  5  6 |
---------------+-------------------+-----
Axes           | 3 4 5 |  5.4
Fighting       | 4 5 |  5.0
Dodging        | |  1.7
Stealth        | |  6.0

Action                   |  1- 3 |  4- 6 || total
-------------------------+-------+-------++-------
Melee: Hand axe          |   117 |   157 ||   274
 Abil: Dig               |     1 |     3 ||     4
       Shaft Self        |       |     1 ||     1
  Use: Scroll            |       |     2 ||     2
Armor: Chain mail        |    99 |    88 ||   187
Dodge: Dodged            |    56 |    38 ||    94

Table legend: (Time is in decaauts)
 A = Elapsed time spent in this place.
 B = Non-inter-level travel time spent in this place.
 C = Inter-level travel time spent in this place.
 D = Time resting spent in this place.
 E = Time spent auto-exploring this place.
 F = Levels seen in this place.
 G = Mean time per level.
                   A        B        C        D        E       F      G
               +--------+--------+--------+--------+--------+-----+--------+
         Total |   3462 |   3298 |    164 |    162 |   2437 |   6 |  577.0 |
       Dungeon |   3462 |   3298 |    164 |    162 |   2437 |   6 |  577.0 |
               +--------+--------+--------+--------+--------+-----+--------+

Top non-repeatable levels by time:
     D:2: 1217 daAuts
     D:3: 957 daAuts
     D:1: 745 daAuts
     D:7: 311 daAuts
     D:4: 179 daAuts
     D:5: 52 daAuts
